Map: 紫晶浪漫-天梯版

Players

iGMacSed (MacSed) - Winner!

  • Race: Protoss Protoss
  • League: Grandmaster

CoffeeMs (Coffee)

  • Race: Terran Terran
  • League: Master

Event: DreamHack SC2 Masters 2021 Fall

VOD

Have the link to the VOD?

Description

Time

  • Played on: Aug. 7, 2021, 8:21 a.m.
  • Length: 13:54

All games in this series

Show
View Real Time Build Order
Export as new Build Order

iGMacSed Protoss - Winner!

Build Orders: 1 Gate Expand, Phoenix Opening, Colossus Rush 

Get SALT Encoding   

  12  0:00  Probe  
  13  0:12  Probe  
  14  0:17  Pylon  
  14  0:24  Probe (Chrono Boost)  
  15  0:36  Probe (Chrono Boost)  
  15  0:37  Gateway  
  16  0:44  Probe (Chrono Boost)  
  16  0:46  Assimilator  
  17  0:50  Probe  
  18  1:03  Probe  
  19  1:15  Probe  
  20  1:23  Nexus  
  20  1:33  Cybernetics Core  
  20  1:36  Probe  
  21  1:42  Assimilator  
  21  1:49  Probe  
  21  1:53  Pylon  
  22  2:01  Probe  
  23  2:08  Adept (Chrono Boost)  
  23  2:13  Probe  
  26  2:19  Stargate  
  26  2:25  Probe  
  26  2:29  Warp Gate  
  27  2:35  Probe (Chrono Boost)  
  27  2:37  Probe (Chrono Boost)  
  27  2:39  Adept  
  30  2:47  Probe (Chrono Boost)  
  30  2:48  Probe (Chrono Boost)  
  32  2:52  Probe (Chrono Boost)  
  32  2:53  Probe (Chrono Boost)  
  34  3:01  Probe  
  34  3:02  Phoenix (Chrono Boost)  
  34  3:03  Probe  
  38  3:13  Adept, Probe  
  38  3:15  Probe  
  38  3:17  Pylon  
  42  3:21  Phoenix (Chrono Boost)  
  42  3:25  Probe  
  45  3:28  Probe  
  46  3:37  Robotics Facility, Probe  
  46  3:40  Probe  
  48  3:42  Assimilator  
  48  3:45  Assimilator  
  48  3:49  Probe  
  48  3:50  Phoenix  
  48  3:54  Pylon  
  51  3:56  Probe  
  51  4:00  Gateway  
  53  4:02  Probe  
  53  4:08  Pylon, Probe  
  54  4:14  Probe  
  55  4:20  Probe  
  56  4:24  Immortal (Chrono Boost)  
  56  4:25  Robotics Bay  
  56  4:30  Pylon  
  60  4:32  Adept  
  60  4:37  Gateway  
  62  4:44  Shield Battery  
  62  4:53  Immortal (Chrono Boost)  
  62  4:58  Probe  
  67  5:05  Zealot  
  67  5:06  Zealot  
  71  5:15  Phoenix  
  71  5:19  Probe  
  71  5:20  Probe  
  75  5:27  Adept  
  76  5:38  Extended Thermal Lance  
  76  5:40  Nexus  
  76  5:44  Pylon  
  76  5:48  Pylon  
  75  5:53  Colossus (Chrono Boost)  
  71  5:58  Pylon  
  71  6:02  Phoenix  
  71  6:03  Zealot  
  71  6:04  Zealot x2  
  85  6:07  Shield Battery  
  85  6:10  Shield Battery  
  85  6:13  Probe  
  86  6:24  Probe  
  86  6:25  Probe  
  88  6:27  Phoenix  
  88  6:30  Pylon  
  88  6:31  Forge  
  88  6:32  Sentry  
  92  6:36  Probe  
  93  6:42  Pylon  
  93  6:44  Colossus (Chrono Boost)  
  99  6:48  Probe x2  
  99  6:52  Probe  
  102  7:00  Probe  
  102  7:01  Twilight Council  
  103  7:02  Protoss Ground Weapons Level 1 (Chrono Boost), Shield Battery  
  103  7:06  Probe x2  
  105  7:12  Probe  
  106  7:18  Probe x2  
  106  7:21  Colossus (Chrono Boost)  
  112  7:23  Assimilator  
  112  7:24  Probe  
  112  7:27  Assimilator  
  112  7:29  Gateway  
  113  7:30  Phoenix  
  113  7:36  Charge, Probe x2  
  115  7:45  Probe  
  115  7:50  Templar Archives  
  116  7:55  Gateway, Phoenix  
  116  7:56  Gateway  
  116  8:02  Disruptor (Chrono Boost)  
  121  8:08  Probe  
  121  8:11  Photon Cannon  
  121  8:12  Pylon  
  122  8:19  Gateway x2  
  122  8:22  Gateway  
  122  8:23  Pylon  
  122  8:27  Phoenix  
  122  8:32  Robotics Facility  
  124  8:34  Disruptor  
  127  8:44  High Templar x2  
  127  8:47  Pylon  
  131  8:50  High Templar x2, Archon  
  135  8:57  Pylon, Gateway  
  135  8:58  Protoss Ground Armor Level 1 (Chrono Boost)  
  135  8:59  Gateway  
  135  9:02  Archon  
  135  9:08  Forge, Zealot x2  
  139  9:10  Disruptor  
  139  9:13  Pylon  
  139  9:15  Pylon  
  139  9:16  Phoenix  
  144  9:19  Disruptor  
  145  9:26  Probe  
  146  9:32  Pylon  
  144  9:41  Phoenix  
  144  9:44  Nexus  
  144  9:45  Pylon, Disruptor (Chrono Boost)  
  146  9:48  Probe x2  
  146  9:51  Pylon  
  146  9:52  Disruptor (Chrono Boost)  
  154  10:01  Protoss Ground Weapons Level 2 (Chrono Boost)  
  154  10:04  Probe  
  155  10:09  Shield Battery  
  155  10:12  Immortal  
  155  10:13  Photon Cannon  
  155  10:15  Shield Battery  
  155  10:16  Shield Battery  
  155  10:18  Zealot x2  
  159  10:28  Nexus  
  159  10:32  Phoenix  
  148  10:56  Zealot x2  
  148  10:57  Zealot x9  
  153  10:58  Phoenix  
  153  11:01  Protoss Ground Armor Level 2 (Chrono Boost)  
  169  11:06  Disruptor  
  169  11:11  Pylon  
  169  11:20  High Templar x5  
  169  11:21  High Templar  
  169  11:22  Zealot x3  
  169  11:25  Archon x3  
  178  11:29  Stalker x2  
  142  11:47  Probe  
  119  11:55  Stalker  
  119  11:56  Stalker x5  
  121  12:02  Probe  
  116  12:11  Zealot x4  
  116  12:14  Probe x2  
  116  12:15  High Templar  
  126  12:19  High Templar  
  128  12:24  Archon  
  128  12:26  Probe x2  
  128  12:29  Zealot  
  132  12:30  Photon Cannon  
  132  12:31  Shield Battery  
  129  12:42  Nexus  
  125  12:52  Stalker x4  
  125  12:57  Disruptor  
  136  12:59  Probe x2  
  136  13:02  High Templar x2  
  142  13:07  Archon  
  142  13:08  Probe  
  142  13:09  Disruptor  
  144  13:31  High Templar x2  
  144  13:32  Zealot  
  144  13:33  Zealot x6  
  162  13:37  Archon  
Show
View Real Time Build Order
Export as new Build Order

CoffeeMs Terran 

Build Orders: Reaper Expand 

Get SALT Encoding   

  12  0:01  SCV  
  13  0:13  SCV  
  14  0:17  Supply Depot  
  14  0:25  SCV  
  15  0:39  SCV, Barracks  
  16  0:43  Refinery  
  16  0:51  SCV  
  17  1:03  SCV  
  18  1:15  SCV  
  19  1:26  Reaper  
  19  1:27  Orbital Command  
  20  1:43  Command Center  
  20  1:56  Bunker  
  20  2:02  Supply Depot  
  20  2:03  Marine  
  20  2:05  SCV  
  21  2:15  Factory  
  21  2:17  SCV  
  21  2:19  Refinery  
  21  2:22  Barracks Reactor  
  22  2:30  Bunker  
  22  2:31  SCV  
  23  2:43  SCV  
  24  2:45  Barracks  
  24  2:55  SCV, Orbital Command  
  25  2:59  Factory Tech Lab  
  25  3:07  SCV  
  25  3:09  Marine x2  
  28  3:17  Cyclone  
  31  3:21  SCV x2  
  33  3:28  Marine x2  
  33  3:33  Barracks Tech Lab  
  35  3:34  SCV x2  
  37  3:44  Supply Depot  
  37  3:46  SCV x2  
  39  3:52  Marine, Stimpack  
  39  3:54  Marine x2  
  42  3:58  SCV x2  
  42  4:01  Factory Reactor  
  42  4:02  Starport  
  44  4:10  SCV  
  44  4:12  Engineering Bay  
  44  4:15  Marine x3  
  48  4:18  SCV  
  48  4:21  Supply Depot  
  48  4:23  SCV  
  50  4:30  SCV  
  51  4:34  Refinery  
  51  4:35  SCV  
  51  4:36  Marine x2  
  54  4:42  Marine  
  54  4:43  Terran Infantry Weapons Level 1  
  54  4:45  Supply Depot  
  55  4:48  SCV x2, Missile Turret  
  55  4:51  Medivac x2  
  61  4:59  Barracks  
  60  5:01  SCV x2  
  61  5:08  Marine  
  62  5:16  Marine x2, SCV x2, Siege Tank  
  69  5:21  Supply Depot  
  69  5:28  SCV  
  70  5:33  SCV  
  70  5:40  Combat Shield, Starport Reactor, Missile Turret  
  70  5:42  Marine x2  
  70  5:43  SCV, Marauder  
  70  5:45  SCV, Supply Depot  
  70  5:46  Supply Depot  
  70  5:47  Refinery  
  76  5:52  Siege Tank  
  78  6:07  Marine x4, Marauder  
  84  6:12  Command Center  
  84  6:24  Medivac  
  84  6:25  Marine x2, Medivac  
  90  6:27  SCV x2  
  90  6:29  Marauder  
  94  6:39  Marine x2, Supply Depot, Siege Tank, Terran Infantry Armor Level 1  
  99  6:49  Supply Depot, Barracks x2  
  99  6:53  SCV x2  
  101  7:01  Marine x3  
  101  7:02  Marine, Marauder  
  101  7:06  Supply Depot  
  107  7:11  Viking x2  
  107  7:13  SCV  
  112  7:16  SCV  
  112  7:22  Siege Tank  
  116  7:31  Marine x4  
  116  7:32  Marauder  
  122  7:37  SCV x2  
  122  7:39  Barracks Tech Lab x2  
  124  7:45  Viking x2  
  124  7:49  SCV  
  124  7:50  SCV  
  130  7:54  Siege Tank  
  130  7:57  Missile Turret  
  133  8:01  Orbital Command  
  133  8:06  Supply Depot x2  
  133  8:10  Missile Turret  
  133  8:16  SCV x2  
  133  8:17  Viking  
  133  8:18  Viking  
  138  8:24  Marauder  
  140  8:28  Marauder x2  
  140  8:30  Siege Tank  
  147  8:38  Bunker  
  147  8:39  Supply Depot  
  147  8:47  Ghost Academy  
  147  8:48  Supply Depot  
  147  8:49  Viking x2  
  147  8:53  Missile Turret  
  151  8:56  Marine x4  
  151  8:57  SCV x2  
  151  8:58  SCV  
  151  9:01  Marauder  
  159  9:05  Supply Depot  
  159  9:08  Supply Depot  
  161  9:13  Siege Tank  
  164  9:19  Ghost  
  164  9:22  Ghost x2  
  168  9:25  Marine x4  
  168  9:33  SCV x2  
  168  9:36  Supply Depot  
  168  9:37  Supply Depot  
  169  9:44  Viking x2  
  173  9:45  Enhanced Shockwaves  
  173  9:47  Supply Depot  
  173  9:48  Supply Depot  
  173  9:50  Missile Turret  
  173  9:51  Refinery  
  173  9:52  Refinery  
  173  10:01  SCV x2  
  173  10:06  Command Center  
  175  10:09  Marauder x2  
  175  10:13  Siege Tank  
  181  10:25  SCV x2  
  183  10:34  Marauder x2  
  183  10:35  Marine x4  
  187  10:36  Viking x2  
  187  10:37  SCV  
  182  10:52  Siege Tank, Marauder  
  182  10:55  Marauder  
  187  10:57  Engineering Bay  
  187  10:59  Armory  
  187  11:02  Marine x3  
  190  11:08  Viking x2  
  177  11:19  Ghost x3  
  177  11:34  Marine x2  
  167  11:45  Marine x2  
  128  11:48  Marauder x3  
  128  11:52  Marine  
  113  11:55  SCV x2  
  113  11:58  SCV  
  112  12:09  SCV x2  
  112  12:10  SCV, Marauder x3  
  121  12:16  Liberator x2  
  121  12:17  Siege Tank  
  121  12:21  SCV  
  121  12:22  SCV x2  
  133  12:39  Marauder x3  
  133  12:40  Marine x3  
  135  12:54  Siege Tank  
  135  12:57  Bunker  
  135  12:58  SCV x3  
  140  13:00  Marauder x2  
  145  13:09  Liberator x2  
  145  13:10  SCV  
  146  13:22  Marine, Marauder  
  146  13:26  Missile Turret  
  122  13:28  Marine x2, Marauder  
  122  13:29  SCV  

Tags
 
Add a new tag
Caveats
  • Supply blocks, unpowered buildings, or Contaminate may cause inaccurate times.
  • Supply counts are checked every 10 seconds.